 Dungeon Crawl Stone Soup version 0.29.1-15-g9cfb28693d (webtiles) character file.

Game seed: 13174372075267573025

3139 pokedragonboy the Covert (level 9, 0/70 HPs)
             Began as a Naga Transmuter on Mar 10, 2023.
             Was a Follower of Cheibriados.
             Slain by an orc
             ... wielding a +0 dagger
              (2 damage)
             ... on level 8 of the Dungeon.
             The game lasted 00:28:41 (9107 turns).

pokedragonboy the Covert (Naga Transmuter)          Turns: 9107, Time: 00:28:44

Health: 0/70       AC: -2    Str: 16    XL:     9   Next: 92%
Magic:  17/17      EV: 19    Int: 19    God:    Cheibriados [*.....]
Gold:   426        SH:  0    Dex: 18    Spells: 9/19 levels left

rFire   . . .      SeeInvis +     - Unarmed
rCold   . . .      Faith    .   (shield currently unavailable)
rNeg    . . .      Spirit   .   (body armour currently unavailable)
rPois   x          Reflect  .   (helmet currently unavailable)
rElec   .          Harm     .   (cloak currently unavailable)
rCorr   .          Rampage  .   (gloves currently unavailable)
Will    +....                   (no barding)
Stlth   ++++......              a - amulet of magic regeneration
HPRegen 0.21/turn               k - +4 ring of protection
MPRegen 0.55/turn               y - ring of wizardry

@: spider-form, corroded, studying Axes, very slow
A: venomous fangs, AC +3, tiny, see invisible, (deformed body), (poison
resistance), (slowness 2), spit poison 1, (naga tail 1)
a: Spit Poison, End Transformation, Renounce Religion, Bend Time


You were on level 8 of the Dungeon.
You worshipped Cheibriados.
Cheibriados was aware of your devotion.
You were a venomous arachnid creature.
You visited 2 branches of the dungeon, and saw 9 of its levels.
You also visited: Sewer.

You collected 426 gold pieces.

Inventory:

Hand Weapons
 d - a +2 long sword of distortion
 h - a +0 whip of freezing
 m - a +2 dagger of holy wrath
 r - a +2 hand axe of venom
 C - a +1 spear of venom
 G - the +9 staff of Olgreb (melded) {rPois∞}
   (You acquired it on level 8 of the Dungeon)

   If the wielder is skilled in Evocations, they can envenom those struck by it,
   dealing poison damage which bypasses armour.
   It enhances your poison magic.
   It grants immunity to poison.
   It can be activated via the 'a'bility menu to radiate toxic energy, with
   effectiveness depending on Evocations skill.
 K - the +5 broad axe "Xymio" {vorpal, Str+3 Int-3 Dex+3}
   (You found it on level 7 of the Dungeon)

   It inflicts extra damage upon your enemies.
   Str:       It affects your strength (+3).
   Int:       It affects your intelligence (-3).
   Dex:       It affects your dexterity (+3).
Missiles
 f - 7 poisoned darts
 w - 2 curare-tipped darts
 E - 5 boomerangs of dispersal
Armour
 l - a +0 robe (melded)
 n - a +0 cloak (melded)
 A - a +0 chain mail
Jewellery
 a - an amulet of magic regeneration (around neck)
 k - a +4 ring of protection (left front leg)
 s - a ring of willpower
 t - a +4 ring of evasion
 y - a ring of wizardry (right front leg)
 I - an amulet of guardian spirit
 J - a ring of magical power
Scrolls
 e - 2 scrolls of immolation
 g - 2 scrolls of amnesia
 o - a scroll of poison
 q - 2 scrolls of blinking
 x - a scroll of fog
 B - 4 scrolls of teleportation
 N - a scroll of identify
Potions
 b - 3 potions of lignification
 c - 2 potions of attraction
 i - 2 potions of might
 j - a potion of haste
 u - a potion of berserk rage
 v - a potion of mutation
 z - 2 potions of brilliance
 D - 4 potions of invisibility
 F - 3 potions of curing
 H - a potion of flight {unknown}
 L - a potion of ambrosia {unknown}


   Skills:
 - Level 1.0 Fighting
 - Level 4.0 Short Blades
 - Level 2.0 Dodging
 - Level 9.0 Stealth
 + Level 4.7 Unarmed Combat
 + Level 5.8 Spellcasting
 * Level 7.8 Transmutations
 + Level 6.0 Poison Magic


You had 9 spell levels left.
You knew the following spells:

 Your Spells              Type           Power      Damage    Failure   Level
a - Beastly Appendage     Tmut           70%        N/A       1%          1
b - Wereblood             Tmut           35%        N/A       1%          2
c - Spider Form           Tmut/Pois      31%        N/A       3%          3
d - Ice Form              Ice/Tmut       20%        N/A       19%         4

Your spell library contained the following spells:

 Spells                   Type           Power      Damage    Failure   Level
 Apportation              Tloc           10%        N/A       12%         1
 Necrotise                Necr           20%        1d5       12%         1
 Summon Small Mammal      Summ           20%        N/A       12%         1
 Sublimation of Blood     Necr           5%         N/A       16%         2
 Dazzling Flash           Conj/Hex       10%        N/A       26%         3
 Ozocubu's Armour         Ice            5%         N/A       26%         3
 Corpse Rot               Necr/Pois/Air  13%        N/A       34%         4
 Dispel Undead            Necr           5%         3d7       58%         4
 Iskenderun's Mystic Bla  Conj/Tloc      5%         2d3       58%         4
 Death Channel            Necr           2%         N/A       100%        6
 Starburst                Conj/Fire      2%         6d3       100%        6
 Ozocubu's Refrigeration  Ice            2%         4d8       100%        7
 Summon Hydra             Summ           2%         N/A       100%        7


Dungeon Overview and Level Annotations

Branches:
Dungeon (8/15)             Temple (1/1) D:4           Sewer (visited)
   Lair: D:8-11

Altars:
Ashenzari
Cheibriados
Dithmenos
Elyvilon
Hepliaklqana
Kikubaaqudgha
Okawaru
Qazlal
Ru
Sif Muna
Trog
Uskayaw
Vehumet
Wu Jian
Xom
Yredelemnul
Zin
The Shining One

Shops:
D:4 (

Portals:
Bailey: D:8


Innate Abilities, Weirdness & Mutations

You are a venomous arachnid creature.
You have poisonous fangs.
You are tiny and dextrous.
Your spellcasting is less reliable in this form.
Your armour is entirely melded.
You are incapable of wielding weapons or throwing items.
((Your serpentine skin is tough. (AC +3)))
You have supernaturally acute eyesight. (SInv)
((Armour fits poorly on your strangely shaped body.))
((Your system is resistant to poisons. (rPois)))
((You cover ground very slowly.))
You can spit poison.
((You have a snake-like lower body.))


Message History

The acid dragon bites you.
* * * LOW HITPOINT WARNING * * *
The acid dragon closely misses you.
The orc priest hits you with a +0 falchion.
* * * LOW HITPOINT WARNING * * *
You feel much better. The orc priest barely misses you.
The acid dragon spits acid at you. The splash of acid hits you!
* * * LOW HITPOINT WARNING * * *
The acid corrodes you!
You hear a shout!
You hit the orc priest.
The orc priest is almost dead.
The orc priest completely misses you. The acid dragon barely misses you.
The acid dragon misses you.
Unknown command.
The orc priest misses you. The acid dragon closely misses you.
The acid dragon claws you.
* * * LOW HITPOINT WARNING * * *
Unknown command.
You feel much better.
You kill the orc priest!
Cheibriados appreciates the change of pace.
The acid dragon bites you! The acid dragon barely misses you.
Okay, then.
You hit the orc warrior but do no damage.
The orc warrior is poisoned.
You hit the orc.
The orc is poisoned.
The orc is lightly wounded.
The acid dragon closely misses you. The acid dragon claws you.
The orc warrior hits you with a +1 mace of protection!
* * * LOW HITPOINT WARNING * * *
The orc closely misses you.
You hit the acid dragon.
The acid dragon is severely wounded.
The acid dragon bites you!
* * * LOW HITPOINT WARNING * * *
The acid dragon misses you. The orc warrior closely misses you.
The orc hits you with a +0 dagger.
You die...

#.....# ###########+##
#.....# ... #.....#......#
#.....# .... #.....#......#
'.....# ... +.....#......
#.....### #..##..)..#...# #
........#.##..#..)∩).....##.#
........#.........)..........
........#....................
........#.......s).#.........
........#.....>oDo.#.........
........#..##.##..###....###.
....#+### # #..# #....# ....#
.... ......... ....#
.....#......... ....#
###...###....... ....# .....
....... ....# ...... .......


You could see an orc warrior (very poisoned), an acid dragon (poisoned) and an
orc (very poisoned).

Vanquished Creatures
  Pikel (D:5)
  Prince Ribbit (D:5)
  Menkaure (D:5)
  A steam dragon (D:7)
  2 orc warriors
  An ice beast (D:7)
  A black bear (D:5)
  An ogre (D:5)
  A lemure (D:5)
  A centaur (D:5)
  A phantom (D:6)
  2 kobold brigands
  2 bullfrogs
  4 scorpions
  3 necrophages
  3 howler monkeys
  A quasit (D:5)
  2 hounds (D:5)
  A gnoll bouda (D:7)
  6 orc priests
  6 orc wizards
  13 adders
  8 gnolls (D:7)
  2 river rats
  3 shadow imps
  3 white imps (D:5)
  4 ufetubi
  A worm (D:2)
  3 dart slugs
  18 orcs
  9 ball pythons
  10 endoplasms
  A giant cockroach (D:2)
  8 hobgoblins
  5 jackals
  19 kobolds
  3 quokkas
  7 bats
  10 frilled lizards
  7 goblins
  8 rats
184 creatures vanquished.

Vanquished Creatures (others)
  18 plants
18 creatures vanquished.

Grand Total: 202 creatures vanquished

Notes
Turn   | Place    | Note
-------+----------+-------------------------------------------
     0 | D:1      | pokedragonboy the Naga Transmuter began the quest for the
                  | Orb.
     0 | D:1      | Reached XP level 1. HP: 18/18 MP: 3/3
   151 | D:1      | Reached skill level 1 in Stealth
   261 | D:1      | Reached XP level 2. HP: 25/25 MP: 3/5
   478 | D:1      | Reached skill level 2 in Stealth
   874 | D:1      | Reached XP level 3. HP: 28/31 MP: 6/6
  1294 | D:2      | Reached skill level 1 in Short Blades
  1733 | D:2      | Reached skill level 3 in Stealth
  1842 | D:2      | Found a faded altar of an unknown god.
  1889 | D:3      | Learned a level 2 spell: Wereblood
  1893 | D:3      | Learned a level 3 spell: Spider Form
  1924 | D:3      | Reached XP level 4. HP: 37/38 MP: 7/7
  2212 | D:3      | Reached skill level 4 in Stealth
  2215 | D:3      | Reached XP level 5. HP: 44/44 MP: 8/8
  2655 | D:4      | Found Naylesch's Antique Weapon Emporium.
  2872 | D:4      | Reached skill level 5 in Stealth
  2899 | D:4      | Found a glowing drain.
  2925 | Sewer    | Entered a sewer
  2976 | Sewer    | Reached XP level 6. HP: 46/51 MP: 10/10
  3224 | Sewer    | Reached skill level 6 in Stealth
  3614 | D:4      | Identified the +6 sling "Jiof" {speed, Fragile rElec Str+2}
  3616 | D:4      | Found a staircase to the Ecumenical Temple.
  3635 | Temple   | Entered the Ecumenical Temple
  3878 | D:4      | Found a shimmering altar of Xom.
  4040 | D:4      | Found a shadowy altar of Dithmenos.
  4280 | D:5      | Entered Level 5 of the Dungeon
  4325 | D:5      | Reached XP level 7. HP: 31/57 MP: 12/12
  4550 | D:5      | Reached skill level 7 in Stealth
  4555 | D:5      | Noticed Menkaure
  4584 | D:5      | Killed Menkaure
  4737 | D:5      | Reached skill level 8 in Stealth
  4852 | D:5      | Reached XP level 8. HP: 53/64 MP: 13/13
  4920 | D:5      | Reached skill level 1 in Poison Magic
  5086 | D:5      | Reached skill level 9 in Stealth
  5181 | D:5      | Reached skill level 5 in Transmutations
  5265 | D:5      | Found a hazy altar of Hepliaklqana.
  5302 | D:5      | Noticed Prince Ribbit
  5342 | D:5      | Killed Prince Ribbit
  5812 | D:5      | Noticed Pikel
  5832 | D:5      | Killed Pikel
  5833 | D:5      | Reached skill level 5 in Spellcasting
  5833 | D:5      | Reached XP level 9. HP: 43/70 MP: 14/16
  6493 | D:6      | Found a glowing silver altar of Zin.
  6730 | D:6      | Found a snail-covered altar of Cheibriados.
  6744 | D:6      | Reached skill level 5 in Poison Magic
  6754 | D:6      | Became a worshipper of Cheibriados the Contemplative
  7283 | D:7      | Identified the +5 broad axe "Xymio" {vorpal, Str+3 Int-3
                  | Dex+3}
  8298 | D:7      | Learned a level 4 spell: Ice Form
  8597 | D:7      | Reached * piety under Cheibriados
  8899 | D:8      | Identified a scroll of acquirement
  8899 | D:8      | Acquired the +9 staff of Olgreb {rPois∞}
  8899 | D:8      | Found the +9 staff of Olgreb {rPois∞}
  9082 | D:8      | Found a flagged portal.
  9107 | D:8      | HP: 2/70 [acid dragon (13)]
  9107 | D:8      | Slain by an orc

Illustrated notes

Levels and vault maps discovered:
D:1:      wheals_arrival_linesprint, layout_loops_ring, grunt_decor_one_mirror,
          minmay_lizard_king
D:2:      layout_basic, shapermc_ecumenical_altar_mp_ritualfount
D:3:      layout_loops_cross, minmay_misc_feat_cross, kennysheep_nondescript,
          corner_web_ring, item_on_display_a
D:4:      layout_rooms, mainiacjoe_overflow_concentric_impassable,
          old_standard_altar, minmay_temple_entry_junction_2, serial_shops,
          shop, cheibrodos_sewer_entry_sluice
D:5:      layout_rooms, nzn_hepliaklqana_mist_gate, serial_demonic,
          serial_demonic_d, serial_demonic_d, serial_demonic_b,
          serial_demonic_a, minmay_quadrilaterals, uniq_prince_ribbit1,
          uniq_pikel, uniq_menkaure
D:6:      layout_loops_corners, nicolae_overflow_crystal_walls,
          nicolae_overflow_hidden_temple
D:7:      layout_basic
D:8:      layout_gridville, erik_lair_orcish_takeover, enter_bailey_2
Temple:   hellmonk_temple_forest_ring

Skill      XL: |  1  2  3  4  5  6  7  8  9 |
---------------+----------------------------+-----
Stealth        | 1 2 3 4 5 6 8 9 |  9.0
Short Blades   | 1 2 3 4 |  4.0
Dodging        | 2 |  2.0
Transmutations | 3 4 6 7 |  7.8
Spellcasting   | 3 5 |  5.8
Poison Magic   | 4 6 |  6.0
Unarmed Combat | 4 |  4.7
Fighting       | |  1.0

Action                   |  1- 3 |  4- 6 |  7- 9 || total
-------------------------+-------+-------+-------++-------
Melee: Unarmed           |    22 |       |   158 ||   180
       Headbutt          |    12 |    24 |       ||    36
       Dagger            |    87 |   266 |   221 ||   574
       Punch             |     2 |     5 |     6 ||    13
       Staff             |       |       |     3 ||     3
 Cast: Beastly Appendage |    20 |    22 |       ||    42
       Wereblood         |       |     3 |     6 ||     9
       Spider Form       |       |       |    14 ||    14
 Abil: Spit Poison       |     3 |    17 |    14 ||    34
       Evoke the Staff o |       |       |     1 ||     1
  Use: Scroll            |     1 |     5 |    12 ||    18
       Potion            |       |       |     3 ||     3
 Stab: Sleeping          |     5 |     7 |    12 ||    24
       Distracted        |       |       |     1 ||     1
Armor: Robe              |    21 |    91 |    83 ||   195
       Skin              |       |       |    26 ||    26
Dodge: Dodged            |    53 |   166 |   376 ||   595
